cohdb
Replays
Latest Replays
All Replays
Popular Replays
Top Player Replays
Match Explorer
How It Works
Community
CoH3 Stats
Reddit
Sign in to upload your games and track your stats! →
Sign in with Steam
Match 25228427
Unlisted
Match 25228427
Overview
Messages
Build Orders
End
Kradschützen Motorcycle Team
Selects Italian Infantry
250 Light Carrier
Construct Light Support Kompanie
MG34 Team
Combat Half-tracks
Panzerjäger Squad
Fire Support Elements
Veteran Squad Leaders
Selects Guastatori Squad
Guastatori Squad
Pak 38 Mechanized Group
2.5-tonne Medical Truck
Selects Defensive Operations
Panzergrenadier Squad
Construct Panzerarmee Kommand
Pak 38 Mechanized Group
Tungsten Core Ammunition
Selects Registered Artillery
Selects Towed Cannone da 105/28 Field Howitzer
Armored Reserves
Advanced Optics
Registered Artillery
LarryLuxus
SchoKäfer
Tok3n x Operator
MonoChrome
0
0
Comments
sign in to comment!
No comments posted yet!